 Dungeon Crawl Stone Soup version 0.32-a0-43-g058985b245 (webtiles) character file.

Game seed: 3725409384314392529

568 seren the Ruffian (level 7, -5/78 HPs)
             Began as a Demonspawn Shapeshifter on Feb 4, 2024.
             Slain by Duvessa
             ... wielding a +2 short sword of electrocution
              (12 damage)
             ... on level 4 of the Dungeon.
             The game lasted 00:07:18 (3088 turns).

seren the Ruffian (Demonspawn Shapeshifter)         Turns: 3088, Time: 00:07:19

Health: -5/78      AC: 23    Str: 17    XL:     7   Next: 11%
Magic:  7/7        EV:  2    Int: 10    God:
Gold:   100        SH:  8    Dex: 12    Spells: 6/6 levels left

rFire   + .          .
                       - Unarmed
rCold   . . .        m - +0 kite shield of Xepreont {rPois rF+ Will+}
rNeg    . . .        k - melded +0 scale mail
rPois   +            (helmet currently unavailable)
rElec   .            (cloak currently unavailable)
rCorr   .            (gloves currently unavailable)
SInv    .            g - melded +0 pair of boots
Will    +....        q - amulet of regeneration
Stlth   +            (no ring)
HPRegen 1.13/turn    (no ring)
MPRegen 0.10/turn

%: no passive effects
@: mighty, tree-form
A: stationary, stasis, torment immunity, boosted hp, (hooves 2), powered by pain
1, (spiny 2)
a: no special abilities


You were on level 4 of the Dungeon.
You were a tree.
You visited 1 branch of the dungeon, and saw 4 of its levels.

You collected 100 gold pieces.

Inventory:

Hand Weapons
 f - a +1 vampiric short sword
Armour
 g - a +0 pair of boots (melded)
 k - a +0 scale mail (melded)
 m - the +0 kite shield of Xepreont (worn) {rPois rF+ Will+}
   (You found it on level 2 of the Dungeon)

   rF+:       It protects you from fire.
   rPois:     It protects you from poison Will+: It increases your willpower.
Jewellery
 q - an amulet of regeneration (around neck)
 r - a ring of poison resistance
Talismans
 c - a beast talisman (active)
 d - a flux talisman
Scrolls
 a - 2 scrolls of teleportation {unknown}
 h - a scroll of fear {unknown}
 i - a scroll of butterflies {unknown}
 j - a scroll of acquirement {unknown}
 l - a scroll of noise {unknown}
 n - 2 scrolls of poison {unknown}
 p - a scroll of identify {unknown}
 t - a scroll of amnesia {unknown}
 u - a scroll of enchant weapon {unknown}
Potions
 e - a potion of mutation {unknown}
 o - a potion of curing
 s - 2 potions of degeneration {unknown}
 v - a potion of brilliance {unknown}


   Skills:
 + Level 3.0 Fighting
 + Level 2.1 Armour
 + Level 3.2 Dodging
 + Level 2.0 Shields
 * Level 4.5 Unarmed Combat
 + Level 3.6 Shapeshifting


You had 6 spell levels left.
You didn't know any spells.
Your spell library contained the following spells:

 Spells                   Type           Power      Damage    Failure   Level
 Kiss of Death            Conj/Necr      0%         2d5       73%         1
 Blink                    Tloc           0%         N/A       86%         2
 Lesser Beckoning         Tloc           0%         N/A       86%         2
 Momentum Strike          Conj/Tloc      0%         3d8       86%         2
 Confusing Touch          Hex            0%         N/A       97%         3
 Dispel Undead            Necr           0%         3d6       100%        4


Dungeon Overview and Level Annotations

Branches:
Dungeon (4/15)
 Temple: D:4-7

Altars:
Ru

Annotations:
D:4 Duvessa


Innate Abilities, Weirdness & Mutations

You are a tree.
Your roots penetrate the ground, keeping you stationary.
You cannot be teleported.
You are immune to unholy pain and torment.
Your maximum health is greatly increased.
Your equipment is partially melded.
((You have hoof-like feet.))
You sometimes gain a little power by taking damage.
((You are mostly covered in sharp spines.))


Message History

Dowan is struck by your spines. Dowan hits you but does no damage.
You barely miss Dowan.
Dowan is almost dead.
You hit Duvessa but do no damage. Dowan is struck by your spines.
You kill Dowan!
Duvessa weeps, and shakes her weapon.
Duvessa goes berserk!
Duvessa is struck by your spines. Duvessa barely misses you.
Your Fighting skill increases to level 3!
You barely miss Duvessa. You kick Duvessa!
Duvessa is moderately wounded.
Duvessa is struck by your spines.
Duvessa hits you with a +2 short sword of electrocution!
You barely miss Duvessa. Your kick misses Duvessa.
Duvessa is moderately wounded.
Duvessa hits you with a +2 short sword of electrocution!
* * * LOW HITPOINT WARNING * * *
You are electrocuted!
* * * LOW HITPOINT WARNING * * *
You block Duvessa's attack.
Your transformation has ended.
Your +0 pair of boots unmelds from your body.
You turn into a tree.
Your +0 pair of boots melds into your body.
Your +0 scale mail melds into your body.
Your roots penetrate the ground.
Duvessa hits you but does no damage.
You smack Duvessa!
Duvessa is moderately wounded.
Duvessa hits you with a +2 short sword of electrocution!
* * * LOW HITPOINT WARNING * * *
You focus on the pain.
You feel very mighty all of a sudden.
You are electrocuted!
* * * LOW HITPOINT WARNING * * *
Duvessa hits you but does no damage.
You are electrocuted!
* * * LOW HITPOINT WARNING * * *
You smack Duvessa!
Duvessa is heavily wounded.
Duvessa hits you with a +2 short sword of electrocution!
You die...

~...# ~...## ......
≈....# #....# ≈#...#
#....# ≈#.†.# #....#
≈#...###########....####
##......................
........................
................♣e......
.................)......
........................
........................
........................
##################....##
....# ....#


You could see Duvessa (berserk).

Vanquished Creatures
  A gnoll sergeant (D:3)
  Dowan (D:4)
  A bombardier beetle (D:3)
  4 orc priests
  A jelly (D:4)
  Terence (D:3)
  Natasha (D:4)
  2 iguanas
  3 gnolls (D:3)
  4 adders
  4 dart slugs
  A ribbon worm (D:2)
  13 orcs
  4 bats
  4 endoplasms
  4 giant cockroaches
  9 goblins
  10 hobgoblins
  7 jackals
  5 kobolds
  2 quokkas
  7 ball pythons
  2 frilled lizards (D:3)
  4 rats
95 creatures vanquished.

Notes
Turn   | Place    | Note
-------+----------+-------------------------------------------
     0 | D:1      | seren the Demonspawn Shapeshifter began the quest for the
                  | Orb.
     0 | D:1      | Reached XP level 1. HP: 15/15 MP: 1/1
   181 | D:1      | Gained mutation: You are partially covered in sharp spines.
                  | [demonic ancestry]
   181 | D:1      | Reached XP level 2. HP: 21/21 MP: 2/2
   414 | D:1      | Reached skill level 3 in Unarmed Combat
   915 | D:1      | Gained mutation: You have large cloven feet. [demonic
                  | ancestry]
   915 | D:1      | Reached XP level 3. HP: 24/26 MP: 3/3
  1338 | D:2      | Found a sacrificial altar of Ru.
  1344 | D:2      | Identified the +0 kite shield of Xepreont {rPois rF+ Will+}
  1683 | D:3      | Gained mutation: You have hoof-like feet. [demonic
                  | ancestry]
  1683 | D:3      | Reached XP level 4. HP: 33/33 MP: 4/4
  1926 | D:3      | Reached skill level 1 in Armour
  1926 | D:3      | Gained mutation: You sometimes gain a little power by
                  | taking damage. [demonic ancestry]
  1926 | D:3      | Reached XP level 5. HP: 38/38 MP: 5/5
  1952 | D:3      | Reached skill level 1 in Shields
  1967 | D:3      | Noticed Terence
  1975 | D:3      | Killed Terence
  2034 | D:3      | Reached skill level 4 in Unarmed Combat
  2034 | D:3      | Gained mutation: You are mostly covered in sharp spines.
                  | [demonic ancestry]
  2034 | D:3      | Reached XP level 6. HP: 36/46 MP: 6/6
  2048 | D:3      | Found the +5 woodcutter's axe
  2671 | D:4      | Noticed Natasha
  2678 | D:4      | Killed Natasha
  3050 | D:4      | Reached XP level 7. HP: 42/51 MP: 7/7
  3078 | D:4      | Noticed Duvessa
  3078 | D:4      | Noticed Dowan
  3083 | D:4      | Killed Dowan
  3088 | D:4      | Slain by Duvessa

Illustrated notes

Levels and vault maps discovered:
D:1:      dpeg_arrival_lava_altar, layout_basic
D:2:      layout_basic, basic_altar, serial_bayou_lake_a
D:3:      layout_loops_corners, pf_guarded_unrand_woodcutter, uniq_terence
D:4:      layout_gridville, serial_rivers, chequers_serial_rivers_micro_c,
          chequers_serial_rivers_small_a, chequers_serial_rivers_micro_b,
          chequers_serial_rivers_large_a, uniq_natasha, uniq_duvessa

Skill      XL: |  1  2  3  4  5  6  7 |
---------------+----------------------+-----
Dodging        | 2 3 |  3.2
Unarmed Combat | 3 4 |  4.5
Shapeshifting  | 3 |  3.6
Fighting       | 2 3 |  3.0
Armour         | 1 2 |  2.1
Shields        | 1 2 |  2.0

Action                     |  1- 3 |  4- 6 |  7- 9 || total
---------------------------+-------+-------+-------++-------
  Melee: Unarmed           |    92 |   113 |     8 ||   213
         Punch             |     2 |       |       ||     2
         Kick              |    11 |    31 |     2 ||    44
Ability: Begin Untransform |     1 |       |       ||     1
    Use: Potion            |       |     2 |     1 ||     3
   Stab: Sleeping          |     1 |       |       ||     1
 Armour: Animal skin       |    13 |       |       ||    13
         Scale mail        |    26 |    77 |     4 ||   107
         Skin              |       |       |     4 ||     4
  Dodge: Dodged            |    36 |    33 |     1 ||    70
  Block: Kite shield       |     5 |    49 |     1 ||    55
   Form: Beast             |     1 |       |       ||     1

Table legend: (Time is in decaauts)
 A = Elapsed time spent in this place.
 B = Non-inter-level travel time spent in this place.
 C = Inter-level travel time spent in this place.
 D = Time resting spent in this place.
 E = Time spent auto-exploring this place.
 F = Levels seen in this place.
 G = Mean time per level.
                   A        B        C        D        E       F      G
               +--------+--------+--------+--------+--------+-----+--------+
         Total |   3112 |   3030 |     82 |    112 |   2050 |   4 |  778.0 |
       Dungeon |   3112 |   3030 |     82 |    112 |   2050 |   4 |  778.0 |
               +--------+--------+--------+--------+--------+-----+--------+

Top non-repeatable levels by time:
     D:1: 1082 daAuts
     D:3: 945 daAuts
     D:2: 594 daAuts
     D:4: 490 daAuts
